Map: [ESL] Royal Blood

Players

Nanami

  • Race: Protoss Protoss
  • Spawn Location: 7:00

MeomaikA - Winner!

  • Race: Zerg Zerg
  • Spawn Location: 1:00

Event: ESL SC2 Masters 2023 Summer (Regionals)

VOD

Have the link to the VOD?

Description

Time

  • Played on: May 4, 2023, 7:10 a.m.
  • Length: 8:54
Show
View Real Time Build Order
Export as new Build Order

Nanami Protoss 

Build Orders:  

Get SALT Encoding   

  12  0:00  Probe  
  13  0:13  Pylon  
  13  0:17  Probe (Chrono Boost)  
  14  0:26  Probe (Chrono Boost)  
  15  0:31  Probe (Chrono Boost)  
  16  0:39  Gateway  
  16  0:43  Probe  
  17  0:54  Assimilator  
  17  0:55  Probe  
  18  1:08  Probe  
  19  1:15  Pylon  
  19  1:19  Gateway  
  19  1:20  Probe  
  20  1:27  Cybernetics Core  
  20  1:32  Probe  
  21  1:34  Zealot  
  23  1:41  Pylon  
  23  2:03  Adept (Chrono Boost)  
  23  2:05  Adept (Chrono Boost)  
  27  2:16  Nexus  
  27  2:19  Warp Gate  
  27  2:27  Assimilator  
  27  2:28  Probe  
  28  2:33  Pylon  
  28  2:41  Probe  
  29  2:53  Probe  
  29  2:58  Adept x2  
  32  3:05  Probe  
  35  3:10  Twilight Council  
  35  3:17  Probe  
  36  3:27  Shield Battery  
  36  3:29  Probe (Chrono Boost)  
  36  3:33  Probe (Chrono Boost)  
  38  3:40  Probe (Chrono Boost)  
  39  3:41  Gateway  
  39  3:44  Probe (Chrono Boost)  
  39  3:45  Probe (Chrono Boost), Resonating Glaives (Chrono Boost)  
  41  3:53  Probe  
  41  3:55  Probe  
  43  4:01  Robotics Facility  
  43  4:05  Probe  
  43  4:08  Adept x2  
  49  4:17  Gateway  
  48  4:19  Gateway  
  48  4:22  Gateway  
  48  4:24  Probe  
  48  4:29  Stalker  
  51  4:31  Sentry  
  51  4:34  Pylon  
  51  4:36  Probe  
  54  4:45  Pylon  
  54  4:51  Assimilator  
  54  4:52  Probe x2, Warp Prism (Chrono Boost)  
  58  5:02  Adept x2  
  58  5:04  Probe  
  63  5:17  Pylon  
  63  5:19  Adept x3  
  69  5:22  Pylon  
  69  5:23  Probe  
  70  5:32  Pylon  
  70  5:33  Immortal (Chrono Boost)  
  70  5:35  Probe  
  75  5:44  Adept x2  
  79  5:50  Probe x2  
  79  5:59  Assimilator  
  79  6:02  Probe x2, Observer (Chrono Boost)  
  82  6:14  Probe  
  82  6:17  Blink (Chrono Boost)  
  83  6:20  Nexus  
  83  6:21  Pylon  
  83  6:22  Probe, Forge  
  84  6:28  Probe  
  85  6:34  Probe  
  85  6:38  Immortal (Chrono Boost)  
  90  6:45  Probe  
  90  6:47  Probe  
  92  6:50  Shield Battery  
  92  6:53  Pylon  
  92  6:57  Probe, Stalker x2  
  97  7:04  Stalker x2  
  86  7:17  Stalker  
  86  7:18  Stalker  
  87  7:24  Probe x2  
  89  7:32  Stalker x3  
  85  7:44  Pylon  
  85  7:47  Probe x2, Nexus  
  77  7:54  Gateway  
  77  7:55  Sentry x2  
  81  7:59  Probe x2  
  79  8:09  Shield Battery  
  79  8:11  Probe x2  
  81  8:12  Stalker  
  81  8:13  Stalker  
  75  8:22  Stalker x2  
  75  8:25  Stalker  
  57  8:36  Stalker x2  
  57  8:37  Probe x2  
  49  8:46  Stalker x2  
Show
View Real Time Build Order
Export as new Build Order

MeomaikA Zerg - Winner!

Build Orders: Pool First 

Get SALT Encoding   

  12  0:00  Drone  
  13  0:12  Overlord  
  13  0:17  Drone  
  14  0:30  Drone  
  14  0:31  Drone  
  14  0:34  Drone  
  17  0:44  Spawning Pool  
  17  0:46  Drone  
  17  1:00  Drone  
  17  1:02  Extractor  
  17  1:06  Drone  
  18  1:25  Hatchery  
  17  1:30  Zergling x4  
  19  1:33  Queen  
  19  1:38  Drone  
  22  1:49  Overlord  
  22  2:02  Metabolic Boost  
  22  2:08  Drone, Queen  
  25  2:27  Zergling x4  
  27  2:37  Queen  
  27  2:38  Drone  
  27  2:40  Drone x4  
  33  2:52  Drone  
  34  2:59  Drone  
  34  3:01  Drone  
  34  3:02  Overlord  
  36  3:10  Overlord  
  36  3:12  Spore Crawler  
  35  3:17  Zergling x2  
  36  3:27  Drone x4  
  36  3:28  Drone  
  36  3:33  Spore Crawler  
  40  3:43  Hatchery  
  40  3:47  Drone  
  40  3:50  Drone  
  40  3:51  Drone  
  40  3:54  Drone  
  40  3:55  Drone  
  44  4:05  Zergling x2  
  44  4:06  Roach Warren  
  44  4:08  Zergling x2  
  44  4:09  Zergling x2  
  46  4:12  Zergling x2  
  46  4:13  Zergling x2  
  46  4:15  Zergling x2  
  49  4:19  Zergling x4  
  51  4:27  Overlord  
  51  4:30  Overlord  
  51  4:32  Lair  
  51  4:36  Extractor  
  50  4:45  Overlord  
  50  4:49  Drone x3  
  50  4:51  Overlord x2  
  55  5:00  Roach x4  
  55  5:04  Roach  
  55  5:06  Roach  
  65  5:09  Roach  
  65  5:12  Roach  
  68  5:15  Roach  
  68  5:18  Drone x2  
  68  5:19  Drone  
  73  5:24  Drone  
  73  5:25  Roach  
  73  5:26  Drone  
  77  5:29  Roach  
  77  5:31  Drone  
  77  5:33  Glial Reconstitution  
  80  5:36  Overseer  
  80  5:39  Roach  
  80  5:42  Roach  
  84  5:45  Roach  
  84  5:47  Roach  
  88  5:55  Overlord  
  88  5:57  Overlord  
  88  5:58  Drone  
  89  6:10  Overlord  
  89  6:11  Overlord  
  89  6:19  Roach x3  
  89  6:20  Roach x2  
  89  6:21  Roach x3  
  89  6:25  Overlord  
  105  6:32  Roach x3  
  109  6:35  Roach x2  
  109  6:37  Roach  
  112  6:40  Roach  
  112  6:43  Roach  
  112  6:46  Drone x2  
  113  6:53  Roach  
  113  6:54  Roach  
  117  6:58  Roach  
  118  7:02  Roach  
  118  7:05  Overlord x2  
  120  7:09  Roach  
  120  7:14  Roach  
  120  7:15  Roach  
  126  7:18  Overlord  
  126  7:19  Drone x2  
  126  7:22  Drone  
  127  7:23  Drone x2  
  127  7:26  Drone  
  127  7:28  Drone  
  131  7:30  Drone  
  131  7:34  Roach x2  
  133  7:42  Roach x2  
  132  7:44  Drone x2  
  132  7:49  Drone x2  
  136  7:51  Drone  
  136  7:57  Zergling x2  
  136  7:58  Zergling x4  
  139  7:59  Zergling x2  
  139  8:00  Zergling x2  
  139  8:03  Zergling x2  
  139  8:04  Zergling x2  
  142  8:06  Zergling x2  
  142  8:07  Zergling x2  
  142  8:08  Zergling x2  
  141  8:17  Zergling x6  
  136  8:23  Zergling x2  
  136  8:24  Zergling x4  
  136  8:29  Zergling x6  
  136  8:30  Zergling x4  
  136  8:31  Zergling x2  
  142  8:45  Spire  
  142  8:46  Extractor  
  142  8:47  Extractor  
Tags
 
Add a new tag
Caveats
  • Supply blocks, unpowered buildings, or Contaminate may cause inaccurate times.
  • Supply counts are checked every 10 seconds.